 Dungeon Crawl Stone Soup version 0.24.0-13-gcf9b3192b9 (webtiles) character file.

Game seed: 9077858874662575576, levelgen mode: deterministic

58 Inarius the Skirmisher (level 3, -2/23 HPs)
             Began as a Deep Elf Abyssal Knight on Nov 7, 2019.
             Was a Follower of Lugonu.
             Slain by a goblin
             ... wielding a +0 whip
             ... led by Robin
              (5 damage)
             ... on level 2 of the Dungeon.
             The game lasted 00:02:24 (1733 turns).

Inarius the Skirmisher (Deep Elf Abyssal Knight)    Turns: 1733, Time: 00:02:26

Health: -2/23      AC:  3    Str:  9    XL:     3   Next: 75%
Magic:  6/6        EV: 12    Int: 16    God:    Lugonu [*.....]
Gold:   42         SH:  0    Dex: 15    Spells: 2/2 levels left

rFire    . . .     SeeInvis .   a - +1 falchion
rCold    . . .     Gourm    .   (no shield)
rNeg     . . .     Faith    .   b - +0 leather armour
rPois    .         Spirit   .   (no helmet)
rElec    .         Reflect  .   (no cloak)
rCorr    .         Harm     .   (no gloves)
MR       .....                  (no boots)
Stlth    +.........             (no amulet)
HPRegen  0.07/turn              (no ring)
MPRegen  0.10/turn              (no ring)

@: no status effects
A: no striking features
a: Depart the Abyss, Renounce Religion


You were on level 2 of the Dungeon.
You worshipped Lugonu.
Lugonu was aware of your devotion.
You were not hungry.

You visited 1 branch of the dungeon, and saw 2 of its levels.
You visited the Abyss 1 time.

You collected 42 gold pieces.

Inventory:

Hand Weapons
 a - a +1 falchion (weapon)
Armour
 b - a +0 leather armour (worn)
 i - a +0 ring mail
Scrolls
 e - a scroll of remove curse {unknown}
Potions
 f - a potion of cancellation
 h - a potion of haste {unknown}
Comestibles
 c - 2 rations
 g - 3 chunks of flesh


   Skills:
 + Level 3.0 Fighting
 * Level 2.6 Long Blades
 - Level 1.2 Armour
 + Level 2.7 Dodging
 * Level 0.4 Stealth
 + Level 2.1 Invocations


You had 2 spell levels left.
You didn't know any spells.
Your spell library was empty.

Dungeon Overview and Level Annotations

Branches:
Dungeon (2/15)

Altars:
Cheibriados
Fedhas

Annotations:
D:2 Robin


Message History

It was a potion of cancellation.
You feel magically purged.
Robin roars a battlecry!
The goblins go into a battle-frenzy!
The goblin barely misses you.
Unknown command.
You hit the goblin.
The goblin is moderately wounded.
The goblin hits you with a +0 whip. Robin hits you with a +0 mace.
The goblin hits you.
* * * LOW HITPOINT WARNING * * *
The goblin misses you.
Unknown command.
As you read the scroll labeled ALUKHU TOPNOE, it crumbles to dust.
Your +1 falchion glows bright chartreuse for a moment.
It was a scroll of random uselessness.
The goblin closely misses you.
You riposte.
You hit the goblin.
You kill the goblin!
Lugonu accepts your kill. Robin closely misses you.
The goblin hits you with a +0 whip.
You die...

...####.....#
##.##.#.#
#...........#
#.##.#.#
#..####.....#
#......# #.## #.....#
##...### ..#
############...# #.#
#.......##.## #...###
#.#####.##.#
#.)...####.#####)##.#
####...)g.....##@##.#
###.###...gggg##.# #
#.####..(♣## #..#
♣..♣♣ #.## ♣♣.♣ #.##
♣.♣ #..# ♣.♣ ####
♣.♣♣ ♣..♣♣


You could see Robin and 3 goblins.

Vanquished Creatures
  An adder (D:2)
  A dart slug (D:2)
  A leopard gecko (D:2)
  5 bats (D:1)
  10 goblins
  8 hobgoblins
  4 jackals (D:1)
  5 kobolds
  A ball python (D:1)
  A frilled lizard (D:2)
  A rat (D:1)
38 creatures vanquished.

Notes
Turn   | Place    | Note
-------+----------+-------------------------------------------
     0 | Abyss:1  | Inarius the Deep Elf Abyssal Knight began the quest for the
                  | Orb.
     0 | Abyss:1  | Reached XP level 1. HP: 13/13 MP: 4/4
    47 | Abyss:1  | Noticed a shadow
    48 | Abyss:1  | Noticed a black mamba skeleton
    55 | D:1      | Escaped the Abyss
   502 | D:1      | Reached * piety under Lugonu
   502 | D:1      | Reached XP level 2. HP: 10/18 MP: 5/5
  1026 | D:1      | Reached skill level 1 in Armour
  1288 | D:2      | Found a snail-covered altar of Cheibriados.
  1290 | D:2      | Reached XP level 3. HP: 21/22 MP: 6/6
  1431 | D:2      | Reached skill level 3 in Fighting
  1645 | D:2      | Found a blossoming altar of Fedhas.
  1689 | D:2      | Noticed Robin
  1733 | D:2      | Slain by a goblin

Levels and vault maps discovered:
D:1:      minmay_arrival_plants_in_alcoves, layout_basic
D:2:      layout_loops_cross, fedhas_altar_4, gammafunk_temple_overflow_pools,
          lemuel_crystal_altar, first_ration, uniq_robin

Skill      XL: |  1  2  3 |
---------------+----------+-----
Long Blades    | 2 |  2.6
Armour         | 1 |  1.2
Fighting       | 3 |  3.0
Dodging        | |  2.7
Stealth        | |  0.4
Invocations    | |  2.1

Action                   || total
-------------------------++-------
Melee: Falchion          ||   111
Invok: Depart the Abyss  ||     1
  Use: Scroll            ||     2
       Potion            ||     1
 Stab: Sleeping          ||     1
  Eat: Chunk             ||     3
Armor: Leather armour    ||    37
Dodge: Dodged            ||   119
       Rpst.: Falchion   ||    35
